 Dungeon Crawl Stone Soup version 0.28-a0-1616-g050a50673c (webtiles) character file.

Game seed: 14885251756897834813

35 hatsuma the Gusty (level 3, -1/20 HPs)
             Began as a Tengu Air Elementalist on Jan 22, 2022.
             Was a Follower of Cheibriados.
             Slain by a gnoll (4 damage)
             ... on level 2 of the Dungeon.
             The game lasted 00:10:13 (1178 turns).

hatsuma the Gusty (Tengu Air Elementalist)          Turns: 1178, Time: 00:10:14

Health: -1/20      AC:  2    Str: 13    XL:     3   Next: 33%
Magic:  2/7        EV: 12    Int: 18    God:    Cheibriados [*.....]
Gold:   31         SH:  0    Dex: 17    Spells: 5/6 levels left

rFire   . . .      SeeInvis .   b - +0 dagger
rCold   + . .      Faith    .   (no shield)
rNeg    . . .      Spirit   .   a - +0 robe
rPois   .          Reflect  .   (helmet restricted)
rElec   .          Harm     .   (no cloak)
rCorr   .          Rampage  .   (no gloves)
Will    .....                   (boots unavailable)
Stlth   ++........              (no amulet)
HPRegen 0.06/turn               d - ring of protection from cold
MPRegen 0.10/turn               (no ring)

@: very slow
A: beak, talons 3
a: Renounce Religion, Bend Time


You were on level 2 of the Dungeon.
You worshipped Cheibriados.
Cheibriados was aware of your devotion.
You visited 1 branch of the dungeon, and saw 2 of its levels.

You collected 31 gold pieces.

Inventory:

Hand Weapons
 b - a +0 dagger (weapon)
 c - a +0 hunting sling
Missiles
 f - 56 sling bullets
Armour
 a - a +0 robe (worn)
Jewellery
 d - a ring of protection from cold (left hand)
Wands
 h - a wand of flame (25)
Scrolls
 e - 2 scrolls of teleportation {unknown}
 g - a scroll of acquirement {unknown}


   Skills:
 - Level 1.6 Fighting
 - Level 1.2 Short Blades
 - Level 1.0 Armour
 - Level 2.1 Dodging
 - Level 2.0 Stealth
 - Level 2.0 Spellcasting
 + Level 2.3 Conjurations
 - Level 4.0 Air Magic


You had 5 spell levels left.
You knew the following spells:

 Your Spells              Type           Power      Damage    Failure   Level
a - Shock                 Conj/Air       52%        1d6       4%          1

Your spell library contained the following spells:

 Spells                   Type           Power      Damage    Failure   Level
 Static Discharge         Conj/Air       13%        N/A       8%          2
 Swiftness                Air            16%        N/A       11%         3
 Airstrike                Air            8%         N/A       34%         4


Dungeon Overview and Level Annotations

Branches:
Dungeon (2/15)

Altars:
Cheibriados

Shops:
D:2 [


Innate Abilities, Weirdness & Mutations

You have a beak for a mouth.
You have claws for feet.


Message History

Aiming: Shock (safe; 4% risk of failure)
Press: ? - help, Shift-Dir - straight line, f - gnoll
Aim: a gnoll, wielding a +0 whip (wandering, hasn't noticed you, 72% to hit)
The zap hits the gnoll.
The gnoll is moderately wounded.
The gnoll shouts!
Casting: Shock (safe; 4% risk of failure)
Confirm with . or Enter, or press ? or * to list all spells.
Aiming: Shock (safe; 4% risk of failure)
Press: ? - help, Shift-Dir - straight line, f/p - gnoll
Aim: a gnoll, wielding a +0 whip (moderately wounded, 72% to hit)
The zap hits the gnoll.
The gnoll is heavily wounded.
Casting: Shock (safe; 4% risk of failure)
Confirm with . or Enter, or press ? or * to list all spells.
Aiming: Shock (safe; 4% risk of failure)
Press: ? - help, Shift-Dir - straight line, f/p - gnoll
Aim: a gnoll, wielding a +0 whip (heavily wounded, 72% to hit)
The zap hits the gnoll.
The gnoll is severely wounded.
Casting: Shock (safe; 4% risk of failure)
Confirm with . or Enter, or press ? or * to list all spells.
Aiming: Shock (safe; 4% risk of failure)
Press: ? - help, Shift-Dir - straight line, f/p - gnoll
Aim: a gnoll, wielding a +0 whip (severely wounded, 72% to hit)
The zap misses the gnoll.
The gnoll shouts!
You hear a shout!
A frilled lizard comes into view.
A kobold comes into view. It is wielding a +0 dagger.
The gnoll closely misses you.
A rat comes into view.
The gnoll barely misses you. The gnoll hits you with a +0 whip!
The flow of time bends around you.
The gnoll resists with some effort.
You see here a frilled lizard skeleton.
The gnoll hits you with a +0 whip. The gnoll hits you with a +0 whip!
* * * LOW HITPOINT WARNING * * *
The gnoll hits you with a +0 whip.
You die...

#......<.......
#...#.......g.. ##
....#.#......w.<. ###..
### # ##..####### ....
#...## ... ##### #.#†.#
##.##..<# ...##.#
#...#..># ##..##.###
#+#....@#######.#....#
.###∩#..##g.............#
...###..##K######.......#
...........# #.).......#
(.......g### ##.r........
#....###.# ##...........#
....# #.####..#.........
#.## #g##...##.r.....|.
.. #......g..........


You could see a gnoll and a kobold.

Vanquished Creatures
  4 ball pythons
  3 endoplasms (D:1)
  A giant cockroach (D:2)
  2 goblins (D:1)
  A hobgoblin (D:1)
  4 jackals
  2 kobolds
  4 quokkas
  4 bats (D:1)
  2 frilled lizards
  2 rats
29 creatures vanquished.

Notes
Turn   | Place    | Note
-------+----------+-------------------------------------------
     0 | D:1      | hatsuma the Tengu Air Elementalist began the quest for the
                  | Orb.
     0 | D:1      | Reached XP level 1. HP: 10/10 MP: 4/4
   132 | D:1      | Reached skill level 1 in Armour
   225 | D:1      | Reached skill level 1 in Short Blades
   225 | D:1      | Reached XP level 2. HP: 15/15 MP: 3/6
   451 | D:1      | Reached skill level 1 in Fighting
   698 | D:1      | Found a faded altar of an unknown god.
   716 | D:1      | Prayed at the altar of an unknown god.
   716 | D:1      | Became a worshipper of Cheibriados the Contemplative
   716 | D:1      | Reached * piety under Cheibriados
   818 | D:2      | Found Sinesy's Armour Boutique.
   824 | D:2      | Reached XP level 3. HP: 14/20 MP: 7/7
   946 | D:2      | Upgraded the game from 0.28-a0-1613-gdaab1c2f9b to
                  | 0.28-a0-1616-g050a50673c
  1178 | D:2      | Slain by a gnoll

Illustrated notes

Levels and vault maps discovered:
D:1:      scummos_arrival_hexagon, layout_basic,
          shapermc_ecumenical_altar_pompeii
D:2:      layout_rooms, serial_shops, nicolae_shop_window_shopping

Skill      XL: |  1  2  3 |
---------------+----------+-----
Armour         | 1 |  1.0
Short Blades   | 1 |  1.2
Fighting       | 1 |  1.6
Conjurations   | 2 |  2.3
Dodging        | |  2.1
Stealth        | |  2.0
Spellcasting   | |  2.0
Air Magic      | |  4.0

Action                   || total
-------------------------++-------
Melee: Dagger            ||    30
       Kick              ||     4
       Peck              ||     3
 Cast: Shock             ||    32
Invok: Bend Time         ||     1
 Stab: Sleeping          ||     6
Armor: Robe              ||    12
Dodge: Dodged            ||    51

Table legend: (Time is in decaauts)
 A = Elapsed time spent in this place.
 B = Non-inter-level travel time spent in this place.
 C = Inter-level travel time spent in this place.
 D = Time resting spent in this place.
 E = Time spent auto-exploring this place.
 F = Levels seen in this place.
 G = Mean time per level.
                   A        B        C        D        E       F      G
               +--------+--------+--------+--------+--------+-----+--------+
         Total |   1273 |   1129 |    144 |    188 |    609 |   2 |  636.5 |
       Dungeon |   1273 |   1129 |    144 |    188 |    609 |   2 |  636.5 |
               +--------+--------+--------+--------+--------+-----+--------+

Top non-repeatable levels by time:
     D:1: 1096 daAuts
     D:2: 177 daAuts
